amy, neutral female human Ranger ------- |..[..| |...)%+ |.<*.(| ----- -----.- |.... ###### ------- # |...| # ---------------- |.....-- ### |....###########-..............| ##.......| # |...| # |....@.........| # |[.....| ### ----- #....| ##-...a..........-######## |......| # .....##%##|...| ---------------- |......| ### |..{| ----- --.....| # #) |...| ------ # #####-...| --.----) ----- |.....|# |......# |>....| |.....| --+---- amy the Lookout Experience level: 5 Strength: 14 Dexterity: 10 Constitution: 18 Intelligence: 13 Wisdom: 14 Charisma: 9 Health: 0(45) Energy: 17(17) Def: 3 Gold: 372 Moves: 2129 Dungeon seed: pmDhz3Olfu9I3jCl Game ID: amy_1465211419 Your Inventory: Coins $ - 372 gold pieces Weapons a - an uncursed +1 dagger b - an uncursed +2 bow (weapon in hand) c - 52 blessed +2 arrows d - 25 uncursed +0 arrows (in quiver) l - an uncursed +0 orcish dagger s - an uncursed corroded +0 arrow B - an uncursed +0 elven bow K - an uncursed +2 sling Armor e - an uncursed +2 cloak of displacement (being worn) n - an uncursed +0 orcish helm Comestibles f - an uncursed cram ration o - an uncursed cream pie u - 3 uncursed food rations A - 2 uncursed tripe rations H - an uncursed orange J - an uncursed fortune cookie T - an uncursed partly eaten cram ration Scrolls y - an uncursed scroll of identify D - an uncursed scroll of blank paper E - a cursed scroll of blank paper I - an uncursed scroll of scare monster Z - an uncursed scroll of gold detection Potions r - an uncursed potion of extra healing t - a blessed potion of restore ability x - an uncursed potion of restore ability O - an uncursed potion of full healing Rings p - an uncursed +3 ring of gain constitution (on left hand) F - an uncursed +2 ring of increase accuracy (on right hand) Wands g - an uncursed wand of slow monster (0:3) m - an uncursed wand of digging (0:6) q - an uncursed wand of polymorph (0:5) G - an uncursed wand of make invisible (0:7) Spells and supernatural/magical abilities: Name Level Category Fail Memory W - pray for help -- divine ? -- Your skills at the end: Miscellaneous Skills wands [Basic] Weapon Skills dagger [Basic] bow [Basic] Spellcasting Skills Final Attributes: You were devoutly aligned. You were telepathic. You had automatic searching. You were displaced. You had a +2 bonus to hit. You are dead. Vanquished creatures: a paper golem a floating eye a dwarf a homunculus a kobold lord 2 hill orcs a giant bat a dwarf zombie 2 coyotes 2 gas spores 3 hobbits 2 acid blobs a large kobold 2 geckos 2 cave spiders 2 brown molds a green mold a red mold 3 gnomes 2 garter snakes 4 jackals 2 foxes a kobold 7 newts 2 goblins a sewer rat 2 grid bugs 2 bats 5 lichens a kobold zombie 59 creatures vanquished. Voluntary challenges: You were an atheist. You used a wielded weapon 48 times, starting on turn 266. You did not use tools. You read items or engraved 3 times, starting on turn 264. You never genocided any monsters. You never polymorphed an object. You never changed form. You used no wishes. You never split a pudding. You never wrote Elbereth's name. You violated your moral code, losing 1 point of alignment, starting on turn 1493. Dungeon overview: The Dungeons of Doom: levels 1 to 4 Level 1 some fountains a long staircase Level 2 a fountain, a sink Level 3 Level 4 <- You were here some fountains stairs to The Gnomish Mines The Gnomish Mines: Level 5 stairs to The Dungeons of Doom History has recorded: On T:1 you entered the Dungeons of Doom to retrieve the Amulet of Yendor! On T:455 you reached level 2 of The Dungeons of Doom. On T:646 you advanced to experience level 2. On T:767 you reached level 3 of The Dungeons of Doom. On T:924 you advanced to experience level 3. On T:1270 you advanced to experience level 4. On T:1591 you reached level 4 of The Dungeons of Doom. On T:1849 you reached level 1 of The Gnomish Mines. On T:1992 you advanced to experience level 5. Score breakdown: Gold: 372 ( 37 points) Experience: 5 levels ( 400 points) Exploration: 5 levels ( 120 points) Discoveries: 2 items ( 100 points) Variety of kills: 30 monsters ( 1500 points) Major goal: (nothing yet) ( 0 points) Survival: died (score multiplied by 3) Total score: 6471 Latest messages: There are a few objects here. The dwarf wields a stout spear! You see here a dagger. ó&A picks up a crossbow. The arrow hits it. You hear some noises. There are a few objects here. ó&A drops a crossbow. n - an iron skull cap. ó&A picks up a crossbow. ó&A drops a crossbow. ó&A bites the dwarf. The dwarf thrusts one of her stout spears at ó&A. The dwarf misses ó&A. The dwarf thrusts one of her stout spears. The dwarf jabs you! ó&A bites the dwarf. You see here an uncursed +0 arrow. d - an uncursed +0 arrow (in quiver). The dwarf thrusts one of her stout spears. The dwarf jabs you! The dwarf is killed! The giant ant bites! (2x) You die... Final status: Goodbye amy the Ranger, killed by a giant ant... You died in The Dungeons of Doom on dungeon level 4 with 6471 points, and 372 pieces of gold, after 2129 moves. You were level 5 with a maximum of 45 hit points when you died.